 Dungeon Crawl Stone Soup version 0.18.1-50-g88ac8fd (webtiles) character file.

307 ololoev the Magician (level 6, -8/32 HPs)
             Began as a Deep Elf Earth Elementalist on Dec 2, 2016.
             Mangled by a giant frog (9 damage)
             ... in a sewer.
             The game lasted 00:13:54 (1376 turns).

ololoev the Magician (Deep Elf Earth Elementalist)  Turns: 1376, Time: 00:13:55

Health: -8/32      AC:  2    Str:  5    XL:     6   Next: 16%
Magic:  3/18       EV: 13    Int: 22    God:
Gold:   62         SH:  0    Dex: 15    Spells: 5 memorised, 4 levels left

rFire  . . .     SeeInvis .     i - scroll of immolation {unknown}
rCold  . . .     Gourm    .     f - +0 robe
rNeg   . . .     Faith    .     (no shield)
rPois  +         Spirit   .     (no helmet)
rElec  .         Dismiss  .     (no cloak)
rCorr  .         Reflect  .     (no gloves)
SustAt .         Harm     .     (no boots)
MR     .....                    (no amulet)
Stlth  +.........               (no ring)
                                k - ring of poison resistance

@: very slightly contaminated, not resistant to hostile enchantments, very
unstealthy
A: no striking features
a: no special abilities

Inventory:

Hand Weapons
 a - a +0 dagger
Armour
 f - a +0 robe (worn)
Jewellery
 k - a ring of poison resistance (left hand)
Scrolls
 g - 2 scrolls of remove curse {unknown}
 h - a scroll of teleportation {unknown}
 i - a scroll of immolation (in hand) {unknown}
 m - a scroll of recharging
 n - a scroll of blinking {unknown}
 o - a scroll of fear {unknown}
Potions
 b - a potion of curing {unknown}
 e - a potion of lignification
 j - 3 potions of might {unknown}
Books
 c - a book of Geomancy

   Spells                             Type                      Level
   a - Sandblast                      Earth                        1
   b - Passwall                       Transmutation/Earth          2
   c - Stone Arrow                    Conjuration/Earth            3
   d - Petrify                        Transmutation/Earth          4
   e - Lee's Rapid Deconstruction     Earth                        5
Comestibles
 d - a bread ration
 l - 4 chunks of flesh


   Skills:
 - Level 2.4 Dodging
 - Level 2.4 Stealth
 * Level 7.1 Spellcasting
 + Level 2.8 Conjurations
 - Level 1.1 Transmutations
 + Level 4.3 Earth Magic


You had 4 spell levels left. You knew the following spells: Your Spells Type Power Failure Level Hunger a - Sandblast Erth ####.. 1% 1 None b - Stone Arrow Conj/Erth ###... 8% 3 None c - Lee's Rapid Deconstr Erth ####...... 38% 5 #####.. d - Petrify Trmt/Erth ###..... 28% 4 ###.... w - Passwall Trmt/Erth ###....... 4% 2 None You were in a sewer. You were not hungry. You visited 1 branch of the dungeon, and saw 3 of its levels. You also visited: Sewer. You collected 62 gold pieces. #.....# #....##### #....##..# #.....'..# ##....#### #.....################### #......≈≈≈≈≈F≈≈≈≈≈≈≈≈≈≈≈≈ ##......≈≈≈≈≈≈≈≈≈≈≈≈≈≈≈≈. #.....≈@F≈≈≈≈≈≈≈≈≈≈≈≈≈≈≈ ##....≈≈≈≈≈≈≈≈≈≈≈≈≈≈≈≈≈≈ ##....≈≈≈≈≈≈≈≈≈≈≈≈≈≈≈≈≈ ###.≈≈≈≈≈≈≈≈≈≈≈≈≈≈≈≈≈≈ ####################

Notes
Turn   | Place    | Note
--------------------------------------------------------------
     0 | D:1      | ololoev the Deep Elf Earth Elementalist began the quest for the Orb.
     0 | D:1      | Reached XP level 1. HP: 10/10 MP: 6/6
    35 | D:1      | Reached skill level 4 in Spellcasting
    35 | D:1      | Reached XP level 2. HP: 12/15 MP: 2/9
   121 | D:1      | ololoev: hi gobber
   160 | D:1      | Goblin1989: приветы
   172 | D:1      | Reached XP level 3. HP: 19/19 MP: 0/11
   176 | D:1      | Learned a level 2 spell: Passwall
   180 | D:1      | Learned a level 3 spell: Stone Arrow
   305 | D:1      | Found a sparkling altar of Nemelex Xobeh.
   410 | D:2      | Found a burning altar of Makhleb.
   439 | D:2      | Found a sacrificial altar of Ru.
   440 | D:2      | Found a snail-covered altar of Cheibriados.
   440 | D:2      | Found a stormy altar of Qazlal.
   440 | D:2      | Found an ancient bone altar of Kikubaaqudgha.
   440 | D:2      | Found a blossoming altar of Fedhas.
   502 | D:3      | Reached skill level 5 in Spellcasting
   502 | D:3      | Reached skill level 1 in Conjurations
   579 | D:3      | Noticed a scorpion
   586 | D:3      | Killed a scorpion
   586 | D:3      | Reached XP level 4. HP: 23/24 MP: 5/13
   623 | D:3      | Found a glowing drain.
   647 | D:3      | Reached skill level 6 in Spellcasting
   647 | D:3      | Reached XP level 5. HP: 25/28 MP: 0/15
   664 | D:3      | Learned a level 5 spell: Lee's Rapid Deconstruction
   669 | D:3      | Learned a level 4 spell: Petrify
   670 | Sewer    | Entered a sewer
   709 | Sewer    | HP: 1/28 [river rat (5)]
   722 | Sewer    | HP: 1/42 [rat (2)]
  1168 | Sewer    | Reached XP level 6. HP: 32/32 MP: 3/17
  1260 | Sewer    | Reached skill level 7 in Spellcasting
  1376 | Sewer    | HP: 1/32 [giant frog (4)]
  1376 | Sewer    | Mangled by a giant frog

Dungeon Overview and Level Annotations

Branches:
Dungeon (3/15)

Altars:
Cheibriados
Fedhas
Kikubaaqudgha
Makhleb
Nemelex Xobeh
Qazlal
Ru


Message History

You swing at nothing.
You swing at nothing.
You swing at nothing.
You swing at nothing.
You swing at nothing.
You enter the shallow water.
Moving in this stuff is going to be slow.
Why would you want to do that?
Some of the chunks of flesh in your inventory have rotted away.
You are feeling hungry.
You see here an adder corpse.
You butcher the adder corpse.
l - 5 chunks of flesh (gained 1) Eat one of 5 chunks of flesh? (ye/n/q/i?) This raw flesh tastes terrible.
You continue eating. x2 2 giant frogs come into view.
What do you say? t - Shout!
Orders for allies: a - Attack new target. r - Retreat! s - Stop attacking. w - Wait here. f - Follow me.
Anything else - Stay silent.
You shout for attention!
You hear a croak.
What do you say? t - Shout!
Orders for allies: a - Attack new target. r - Retreat! s - Stop attacking. w - Wait here. f - Follow me.
Anything else - Stay silent.
You shout for attention!
What do you say? t - Shout!
Orders for allies: a - Attack new target. r - Retreat! s - Stop attacking. w - Wait here. f - Follow me.
Anything else - Stay silent.
You shout for attention!
You hear a loud, deep croak!
The giant frog hits you.
Casting: Sandblast
Confirm with . or Enter, or press ? or * to list all spells.
Aiming: Stone Arrow
Press: ? - help, Shift-Dir - straight line, f - giant frog
Aim: a giant frog The stone arrow misses the giant frog.
The giant frog closely misses you. The giant frog hits you!
Casting: Stone Arrow
Confirm with . or Enter, or press ? or * to list all spells.
Aiming: Stone Arrow
Press: ? - help, Shift-Dir - straight line, f/p - giant frog
Aim: a giant frog The stone arrow hits the giant frog.
The giant frog is heavily wounded.
The giant frog hits you!
Casting: Stone Arrow
Confirm with . or Enter, or press ? or * to list all spells.
Aiming: Stone Arrow
Press: ? - help, Shift-Dir - straight line, f/p - giant frog
Aim: a giant frog (heavily wounded)
The stone arrow misses the giant frog.
The giant frog hits you! The giant frog completely misses you.
Casting: Stone Arrow
Confirm with . or Enter, or press ? or * to list all spells.
Aiming: Stone Arrow
Press: ? - help, Shift-Dir - straight line, f/p - giant frog
Aim: a giant frog (heavily wounded)
The stone arrow hits the giant frog.
The giant frog is almost dead.
The giant frog hits you.
Casting: Stone Arrow
Confirm with . or Enter, or press ? or * to list all spells.
Aiming: Stone Arrow
Press: ? - help, Shift-Dir - straight line, f/p - giant frog
Aim: a giant frog (almost dead)
You miscast Stone Arrow.
You are very lightly contaminated with residual magic.
You feel a strange surge of energy!
The giant frog gives a loud, deep croak!
The giant frog hits you. The giant frog hits you!
You die...

You could see 2 giant frogs.

Vanquished Creatures
  A scorpion (D:3)
  12 adders
  A gnoll (D:1)
  7 river rats
  An ooze (Sewer)
  A worm (D:3)
  4 dart slugs (D:1)
  2 giant geckos (D:1)
  3 giant cockroaches
  2 goblins
  3 hobgoblins
  2 jackals (D:2)
  2 kobolds (D:2)
  14 ball pythons
  3 bats
  24 rats
82 creatures vanquished.

Action                   |  1- 3 |  4- 6 || total
-------------------------+-------+-------++-------
Melee: Dagger            |    15 |    26 ||    41
 Cast: Sandblast         |    49 |    66 ||   115
       Stone Arrow       |     4 |    29 ||    33
Evoke: Deck              |     2 |     3 ||     5
  Use: Potion            |       |     1 ||     1
       Scroll            |       |     1 ||     1
 Stab: Sleeping          |     1 |       ||     1
  Eat: Chunk             |       |     4 ||     4
Armor: Robe              |    12 |    11 ||    23
       Skin              |       |    20 ||    20
Dodge: Dodged            |    30 |    44 ||    74

Vault maps used:
D:1:      minmay_arrival_plants_in_alcoves, nemelex_deck
D:2:      nicolae_tso_swordbearing_angel, minitemple
D:3:      portal_sewer_entry_c, serial_bayou, serial_bayou_shore_b,
          serial_bayou_shore_a, serial_bayou_ford_a, serial_bayou_lagoon_a,
          first_bread, hex_intersection
Sewer:    sewer_minmay_w
